Map: Golden Wall LE

Players

redbusman - Winner!

  • Race: Terran Terran
  • League: Bronze
  • Spawn Location: 7:00

Nautilus

  • Race: Protoss Protoss
  • League: Silver
  • Spawn Location: 5:00

VOD

Have the link to the VOD?

Description

Time

  • Played on: July 13, 2020, 11:32 p.m.
  • Length: 10:38
Show
View Real Time Build Order
Export as new Build Order

redbusman Terran - Winner!

Build Orders:  

Get SALT Encoding   

  12  0:01  SCV  
  13  0:13  SCV  
  14  0:19  Supply Depot  
  14  0:25  SCV  
  15  0:31  Refinery  
  15  0:41  SCV  
  16  0:45  Barracks  
  16  0:53  SCV  
  17  1:02  Supply Depot  
  17  1:25  SCV  
  18  1:32  Marine  
  19  1:40  Command Center  
  19  1:54  Supply Depot  
  19  2:00  Barracks Reactor  
  19  2:04  Orbital Command  
  19  2:16  Factory  
  19  2:32  SCV  
  20  2:44  SCV  
  20  2:46  Refinery  
  21  2:54  Supply Depot, Marine x2  
  21  2:57  SCV  
  24  3:03  Orbital Command  
  24  3:09  SCV  
  24  3:12  Marine  
  26  3:16  Marine  
  27  3:21  SCV  
  27  3:23  Widow Mine  
  30  3:29  Marine  
  30  3:33  SCV  
  32  3:34  Marine  
  32  3:35  Starport  
  33  4:00  Factory Tech Lab  
  33  4:09  Engineering Bay  
  33  4:14  Starport Tech Lab  
  33  4:15  Barracks  
  33  4:21  SCV  
  33  4:23  SCV, Barracks  
  35  4:33  SCV  
  35  4:35  SCV  
  35  4:37  Terran Infantry Weapons Level 1  
  36  4:47  SCV  
  37  5:10  Marine x2  
  39  5:25  Medivac  
  39  5:28  Marine x2  
  41  5:29  Combat Shield  
  41  5:31  Stimpack  
  41  5:34  Marine x2  
  45  5:39  Widow Mine  
  45  5:46  Marine x2  
  44  5:52  Marauder, Marine  
  47  6:04  Marine x2  
  47  6:08  Medivac  
  47  6:10  Marine  
  52  6:13  Marine  
  53  6:21  Marine, SCV x2  
  53  6:22  Marine  
  57  6:27  Marine  
  57  6:30  Supply Depot  
  57  6:31  Marine  
  57  6:32  Supply Depot  
  59  6:33  Supply Depot, SCV x2  
  59  6:36  Supply Depot  
  59  6:37  Terran Infantry Armor Level 1  
  59  6:39  Marine  
  62  6:50  Marine x3  
  62  6:51  SCV x2, Medivac  
  69  6:57  Marine  
  70  7:03  SCV x2  
  72  7:08  Marine x3  
  72  7:15  Marine, SCV x2  
  78  7:21  Medivac  
  80  7:26  Marine  
  80  7:27  Marauder x2  
  85  7:33  Marine  
  85  7:36  Command Center  
  86  7:37  Refinery  
  86  7:40  Refinery  
  86  7:44  Marine  
  86  7:48  Marauder x2  
  86  7:50  Medivac  
  86  7:51  Marine  
  94  7:55  Factory Tech Lab  
  94  8:02  Marine  
  95  8:08  Marine  
  95  8:09  Marauder x2  
  100  8:19  Marine  
  100  8:26  Marine  
  102  8:34  Supply Depot  
  102  8:36  Supply Depot  
  102  8:37  Supply Depot  
  102  8:38  Supply Depot  
  102  8:47  Marine x4  
  102  8:48  Medivac  
  108  9:05  Marine x2  
  109  9:24  Marauder x2  
  112  9:45  Marauder x2  
Show
View Real Time Build Order
Export as new Build Order

Nautilus Protoss 

Build Orders:  

Get SALT Encoding   

  12  0:19  Pylon  
  12  0:23  Probe  
  12  0:24  Assimilator  
  13  0:31  Probe  
  13  0:40  Probe  
  15  0:51  Gateway  
  15  1:00  Forge  
  15  1:02  Probe  
  15  1:11  Probe  
  17  1:20  Probe  
  18  1:32  Probe  
  19  1:43  Zealot  
  21  1:55  Pylon  
  21  1:57  Assimilator  
  21  2:00  Probe  
  22  2:12  Probe  
  22  2:13  Zealot  
  25  2:19  Cybernetics Core  
  25  2:25  Probe  
  27  2:37  Probe  
  27  2:40  Zealot  
  29  2:49  Probe  
  29  2:50  Photon Cannon  
  30  2:53  Photon Cannon  
  30  3:03  Pylon  
  30  3:21  Stalker  
  32  3:30  Nexus  
  32  3:43  Probe  
  33  3:51  Probe  
  34  4:00  Stalker, Probe  
  37  4:13  Probe  
  38  4:24  Pylon  
  38  4:30  Pylon  
  38  4:35  Pylon  
  38  4:41  Stalker  
  36  5:07  Probe  
  36  5:12  Sentry  
  39  5:15  Probe  
  39  5:19  Gateway  
  39  5:20  Gateway  
  40  5:23  Gateway  
  40  5:24  Probe  
  41  5:30  Probe  
  42  5:36  Probe  
  42  5:38  Zealot  
  43  5:42  Probe  
  40  5:54  Probe  
  41  6:00  Warp Gate  
  41  6:02  Protoss Ground Weapons Level 1  
  41  6:07  Probe  
  42  6:17  Stargate  
  42  6:19  Probe  
  42  6:20  Twilight Council  
  42  6:23  Robotics Facility  
  43  6:36  Nexus  
  43  6:40  Pylon  
  43  6:56  Probe  
  43  6:59  Probe  
  45  7:04  Probe  
  45  7:06  Assimilator  
  46  7:10  Assimilator  
  46  7:11  Probe  
  46  7:12  Stalker  
  46  7:13  Stalker x2, Probe  
  54  7:23  Probe  
  55  7:38  Probe x2  
  55  7:42  Stalker  
  59  7:50  Probe x2  
  61  7:53  Void Ray  
  65  8:02  Observer, Probe x2  
  68  8:05  Probe  
  68  8:12  Zealot x2  
  73  8:14  Probe x2  
  73  8:17  Probe  
  76  8:23  Observer  
  76  8:26  Probe  
  78  8:33  Gateway  
  78  8:35  Gateway  
  78  8:36  Void Ray  
  78  8:37  Photon Cannon  
  78  8:40  Photon Cannon  
  82  8:42  Photon Cannon  
  82  8:44  Shield Battery  
  82  8:45  Observer, Shield Battery  
  82  8:47  Probe  
  84  8:56  Probe  
  85  9:04  Probe  
  85  9:08  Immortal  
  90  9:13  Probe  
  83  9:19  Void Ray  
  85  9:25  Probe  
  73  9:39  Zealot  
  73  9:40  Zealot x2  
  45  10:20  Zealot x2  
Tags
 
Add a new tag
Caveats
  • Supply blocks, unpowered buildings, or Contaminate may cause inaccurate times.
  • Supply counts are checked every 10 seconds.